 Dungeon Crawl Stone Soup version 0.24-a0-67-ga78bd38 (console) character file.

Game seed: 273314832213538767

107569 Duffy the Eclecticist (level 16, -7/96 (97) HPs)
             Began as a Deep Elf Fire Elementalist on Feb 5, 2019.
             Was a High Priest of Vehumet.
             Mangled by a spriggan rider
             ... wielding a +0 spear
              (24 damage)
             ... on level 15 of the Dungeon.
             The game lasted 00:53:55 (34142 turns).

Duffy the Eclecticist (Deep Elf Fire Elementalist) Turns: 34142, Time: 00:53:56

HP:   -7/96 (97)    AC: 10    Str:  5    XL:     16   Next: 0%
MP:   14/42         EV: 20    Int: 28    God:    Vehumet [*****.]
Gold: 650           SH:  6    Dex: 15    Spells: 20/55 levels left

rFire    + . .     SeeInvis +   a - staff of conjuration {!a}
rCold    + + .     Gourm    .   x - +1 buckler {rC+}
rNeg     + . .     Faith    .   J - +2 robe {Archmagi}
rPois    +         Spirit   .   L - -2 hat of the Alchemist {rElec rPois rF+ rC+ rN+ MR+ rMut rCorr}
rElec    +         Reflect  .   j - +2 cloak {+Inv}
rCorr    +         Harm     .   z - +1 pair of gloves {archery}
rMut     +                      H - +2 pair of boots {run}
MR       +++..                  m - amulet of regeneration
Stlth    ++........             I - ring of protection from magic
HPRegen  0.66/turn              e - ring of see invisible
MPRegen  0.28/turn

@: quick
A: no striking features
a: Renounce Religion, Evoke Invisibility


You were on level 15 of the Dungeon.
You worshipped Vehumet.
Vehumet was extremely pleased with you.
You were not hungry.

You visited 4 branches of the dungeon, and saw 24 of its levels.
You also visited: Gauntlet and Ice Cave.

You collected 2435 gold pieces.
You spent 1785 gold pieces at shops.

Inventory:

Hand Weapons
 V - a +3 blowgun
Missiles
 W - 7 curare-tipped needles
Armour
 j - a +2 cloak of invisibility (worn)
 x - a +1 buckler of cold resistance (worn)
 z - a +1 pair of gloves of archery (worn)
 H - a +2 pair of boots of running (worn)
 J - a +2 robe of the Archmagi (worn)
 L - the -2 hat of the Alchemist (worn) {rElec rPois rF+ rC+ rN+ MR+ rMut rCorr}
   (You found it on level 7 of the Dungeon)

   It protects you from fire.
   It protects you from cold.
   It insulates you from electricity.
   It protects you from poison.
   It protects you from negative energy.
   It affects your resistance to hostile enchantments.
   It provides partial protection from all sources of acid and corrosion.
   It protects you from mutation.
 M - a scarf of cloud immunity
Magical Staves
 a - an uncursed staff of conjuration (weapon) {!a}
 b - an uncursed staff of energy {!a}
 l - an uncursed staff of earth {!a}
 y - an uncursed staff of fire {!a}
Jewellery
 e - a ring of see invisible (right hand)
 m - an amulet of regeneration (around neck)
 C - the ring of Qerreteu {+Fly Int+5}
   (You found it in a Gauntlet)

   [ring of intelligence]

   It affects your intelligence (+5).
   It lets you fly.
 F - an uncursed ring of fire
 I - a ring of protection from magic (left hand)
 S - an uncursed ring of wizardry
 T - the ring of Fedhas's Vengeance {rC+ Str+3}
   (You took it off a wizard on level 7 of the Dungeon)

   [ring of strength]

   It affects your strength (+3).
   It protects you from cold.
Wands
 D - a wand of iceblast (62)
 U - a wand of paralysis (18)
 Y - a wand of acid (34)
Scrolls
 f - 5 scrolls of fear
 h - 7 scrolls of teleportation
 k - 6 scrolls of immolation
 o - 8 scrolls of remove curse
 q - 4 scrolls of blinking
 w - 6 scrolls of fog
 Z - a scroll of magic mapping
Potions
 d - 11 potions of curing
 g - 2 potions of haste
 i - 6 potions of heal wounds
 n - 4 potions of resistance
 r - 2 potions of cancellation
 s - a potion of agility
 v - 7 potions of flight
 A - 2 potions of magic
 E - 5 potions of brilliance
 O - 2 potions of invisibility
 X - a potion of ambrosia
Miscellaneous
 K - a sack of spiders
 N - a box of beasts
 Q - a phantom mirror
Comestibles
 c - 39 rations
 p - 3 chunks of flesh


   Skills:
 - Level 10.0 Fighting
 - Level 11.0 Dodging
 - Level 2.4 Stealth
 - Level 4.0 Shields
 + Level 20.1 Spellcasting
 - Level 10.0 Conjurations
 + Level 7.3 Charms
 - Level 1.5 Translocations
 - Level 10.0 Fire Magic
 + Level 5.0 Air Magic
 - Level 8.0 Earth Magic
 - Level 10.0 Evocations


You had 20 spell levels left.
You knew the following spells:

 Your Spells              Type           Power        Failure   Level  Hunger
a - Stone Arrow           Conj/Erth      ######       1%          3    None
h - Bolt of Fire          Conj/Fire      ########..   1%          6    None
j - Iron Shot             Conj/Erth      ########..   1%          6    None
k - Fireball              Conj/Fire      ########..   1%          5    None
l - Conjure Flame         Conj/Fire      ########     1%          3    None
m - Deflect Missiles      Chrm/Air       #######...   17%         6    None
s - Sticky Flame          Conj/Fire      ########     1%          4    None
B - Blink                 Tloc           N/A          1%          2    None

Your spell library contained the following spells:

 Spells                   Type           Power        Failure   Level  Hunger
 Freezing Cloud           Conj/Ice/Air   #######...   8%          6    None
 Flame Tongue             Conj/Fire      #####        0%          1    None
 Magic Dart               Conj           ####         0%          1    None
 Beastly Appendage        Tmut           #####.       1%          1    None
 Sandblast                Erth           ######       1%          1    None
 Shock                    Conj/Air       ####         1%          1    None
 Summon Small Mammal      Summ           ####         1%          1    None
 Passwall                 Tmut/Erth      ######..     1%          2    None
 Swiftness                Chrm/Air       #######.     1%          2    None
 Throw Flame              Conj/Fire      ######       1%          2    None
 Inner Flame              Hex/Fire       ######..     1%          3    None
 Mephitic Cloud           Conj/Pois/Air  #######.     1%          3    None
 Static Discharge         Conj/Air       ########     1%          3    None
 Airstrike                Air            ######....   1%          4    None
 Bolt of Magma            Conj/Fire/Erth ########..   1%          5    None
 Iskenderun's Battlesphe  Conj/Chrm      ########     1%          5    None
 Lee's Rapid Deconstruct  Erth           #######...   1%          5    None
 Lightning Bolt           Conj/Air       ########..   1%          5    None
 Venom Bolt               Conj/Pois      #######...   1%          5    None
 Call Imp                 Summ           #####...     2%          2    None
 Slow                     Hex            #####...     2%          2    None
 Sticks to Snakes         Tmut           #####...     2%          2    None
 Petrify                  Tmut/Erth      ######..     2%          4    None
 Call Canine Familiar     Summ           #####...     4%          3    None
 Spider Form              Tmut/Pois      #####.....   4%          3    None
 Summon Guardian Golem    Hex/Summ       #####...     4%          3    None
 Summon Lightning Spire   Summ/Air       ######..     4%          4    None
 Orb of Destruction       Conj           ########..   5%          7    ####...
 Yara's Violent Unravell  Hex/Tmut       #####.....   11%         5    None
 Cause Fear               Hex            #####.....   14%         4    None
 Ice Form                 Ice/Tmut       #####...     14%         4    None
 Summon Ice Beast         Ice/Summ       #####...     14%         4    None
 Silence                  Hex/Air        ######....   14%         5    None
 Blade Hands              Tmut           #####.....   36%         5    None
 Spellforged Servitor     Conj/Summ      #######...   36%         7    ####...
 Discord                  Hex            #####.....   100%        8    #####..


Dungeon Overview and Level Annotations

Branches:
Dungeon (15/15)            Temple (1/1) D:6            Lair (6/6) D:11
  Swamp (0/4) Lair:2       Spider (0/4) Lair:2        Slime (0/5) Lair:5
    Orc (2/2) D:9             Elf (0/3) Orc:2        Vaults (0/5) D:14
 Depths: D:15

Altars:
Ashenzari
Cheibriados
Dithmenos
Elyvilon
Fedhas
Gozag
Hepliaklqana
Kikubaaqudgha
Makhleb
Nemelex Xobeh
Okawaru
Qazlal
Ru
Sif Muna
Trog
Uskayaw
Vehumet
Wu Jian
Xom
Yredelemnul
Zin
The Shining One
Jiyva

Shops:
D:4 *   D:5 (   Orc:2 :**(

Portals:
Trove: D:14 (show abyssal rune of Zot)


Message History

Vehumet accepts your kill.
The spriggan rider hits you from afar with a +0 spear!
The spriggan rider hits you from afar with a +0 spear!!
Cast which spell? (? or * to list)
Aiming: Bolt of Fire (safe; 1% risk of failure)
Press: ? - help, Shift-Dir - straight line, f/p - spriggan rider
Aim: a spriggan rider, wielding a +0 spear and wearing a +0 buckler You feel a strong surge of power!
The bolt of fire misses the spriggan rider.
The spriggan rider hits you from afar with a +0 spear!!
The spriggan rider barely misses you.
Cast which spell? (? or * to list)
Aiming: Bolt of Fire (safe; 1% risk of failure)
Press: ? - help, Shift-Dir - straight line, f/p - spriggan rider
Aim: a spriggan rider, wielding a +0 spear and wearing a +0 buckler You feel a strong surge of power!
The bolt of fire hits the spriggan rider!!
The spriggan rider is heavily wounded.
The spriggan rider hits you from afar with a +0 spear!!
You die...

##.........#.....
#...............#
##.~~~...........
#..~~~.#.......#
...~~.........#
......#...#'###
....#....##...#
.........'.<..#
#.)....@#...)#
#......#'###!<#
......##ii ####
...... .).# .....
...) ..... #..$=#
.... ###### #...


You could see 2 spriggan riders.

Vanquished Creatures
  2 minotaurs
  An ettin (Orc:1)
  The ghost of Cuyts the Cleaver, a journeyman DsGl of Makhleb (Lair:2)
  4 vault guards
  5 hydras
  2 catoblepae
  5 death yaks
  4 centaur warriors
  18 two-headed ogres
  5 ogre magi
  A queen ant (Lair:3)
  Sonja (Lair:1)
  10 skeletal warriors
  An unseen horror (D:12)
  3 wizards
  3 necromancers
  An orange crystal statue (Gauntlet)
  An oklob plant (D:13)
  A deep elf mage (D:15)
  2 ugly things (D:13)
  2 orc sorcerers
  A manticore (D:12)
  A cyclops (D:11)
  A salamander (shapeshifter) (D:13)
  6 black mambas
  Joseph (Lair:1)
  A smoke demon (Gauntlet)
  A centaur skeleton (D:12)
  A torpor snail (Lair:5)
  An ice statue (IceCv)
  20 spiny frogs
  9 komodo dragons
  10 freezing wraiths (IceCv)
  6 rime drakes
  4 trolls
  Prince Ribbit (D:6)
  12 polar bears
  A raiju (Lair:6)
  A hornet (D:8)
  3 blink frogs (Lair:6)
  6 dream sheep
  8 hippogriffs
  The ghost of Phong the Sneak, an amateur OpEn (D:3)
  4 wyverns
  2 redbacks (Lair:2)
  3 shadows (Gauntlet)
  5 large abominations (D:12)
  57 yaks
  Eustachio (D:5)
  3 wraiths
  4 basilisks
  20 humans (D:14)
  2 steam dragons
  6 vampire mosquitoes (Lair:2)
  2 hungry ghosts
  5 wargs
  A death yak simulacrum (IceCv)
  2 acid dragons
  14 soldier ants (Lair:3)
  10 water moccasins
  16 hell hounds (Lair:6)
  A floating eye (D:15)
  17 porcupines
  15 black bears
  10 orc warriors
  4 sky beasts
  12 ice beasts
  28 ogres
  9 phantoms
  A necrophage (D:7)
  16 wolves
  16 centaurs
  10 crocodiles
  5 big kobolds
  7 small abominations (D:12)
  15 bullfrogs
  A water moccasin zombie (D:12)
  8 scorpions
  2 elephant simulacra (IceCv)
  6 howler monkeys
  3 killer bees (D:12)
  9 wights
  2 electric eels (D:13)
  9 crimson imps
  3 bullfrog zombies
  A quasit (D:9)
  4 centaur zombies
  5 draconian simulacra (IceCv)
  An iron imp (D:8)
  3 jellies
  A gnoll shaman (D:3)
  7 orc priests
  13 hounds
  16 orc wizards
  2 bullfrog skeletons
  4 iguanas
  Terence (D:2)
  34 worker ants
  Natasha (thrice) (D:2)
  4 troll simulacra (IceCv)
  A spriggan simulacrum (IceCv)
  A polar bear simulacrum (IceCv)
  A killer bee zombie (D:8)
  5 centaur simulacra
  2 hound zombies (D:8)
  A hound skeleton (D:7)
  4 worker ant zombies
  14 gnolls
  An ogre simulacrum (IceCv)
  22 adders
  5 naga simulacra (IceCv)
  4 shadow imps
  12 white imps (IceCv)
  An ooze (D:7)
  2 adder zombies
  2 adder skeletons
  3 worms
  3 dart slugs
  4 leopard geckos
  68 orcs
  A ball python (D:2)
  5 giant cockroaches
  2 goblins
  8 hobgoblins
  13 kobolds
  7 quokkas
  10 bats
  4 frilled lizards
  2 goblin skeletons (D:8)
  3 goblin zombies (D:8)
  A jackal skeleton (D:6)
  A kobold zombie (D:8)
  An orc skeleton (D:8)
  An orc zombie (D:8)
  A quokka skeleton (D:5)
  10 rats
  3 fungi
  3 plants
866 creatures vanquished.

Vanquished Creatures (collateral kills)
  3 worker ants (Lair:3)
3 creatures vanquished.

Vanquished Creatures (others)
  A soldier ant (Lair:3)
  A centaur (D:11)
  A worker ant (Lair:3)
  17 fungi
  14 plants
34 creatures vanquished.

Grand Total: 903 creatures vanquished

Notes
Turn   | Place    | Note
-------+----------+-------------------------------------------
     0 | D:1      | Duffy the Deep Elf Fire Elementalist began the quest for
                  | the Orb.
     0 | D:1      | Reached XP level 1. HP: 10/10 MP: 6/6
   267 | D:1      | Reached XP level 2. HP: 15/15 MP: 4/8
   951 | D:2      | Reached XP level 3. HP: 17/19 MP: 6/9
   956 | D:2      | Learned a level 3 spell: Conjure Flame
  1565 | D:2      | Noticed Terence
  1574 | D:2      | Killed Terence
  1574 | D:2      | Reached XP level 4. HP: 13/24 MP: 1/11
  1580 | D:2      | Learned a level 4 spell: Sticky Flame
  1720 | D:2      | Noticed Natasha
  1727 | D:2      | Killed Natasha
  1854 | D:2      | Reached skill level 4 in Spellcasting
  2038 | D:2      | Noticed Natasha
  2044 | D:2      | Killed Natasha
  2044 | D:2      | Reached XP level 5. HP: 28/28 MP: 6/13
  2208 | D:2      | Noticed Natasha
  2211 | D:2      | Killed Natasha
  2444 | D:3      | Learned a level 5 spell: Fireball
  2862 | D:3      | Found a runed translucent gate.
  2862 | D:3      | Found a runed translucent gate.
  2863 | D:3      | Found a runed translucent gate.
  2864 | D:3      | Found an opulent altar of Gozag.
  2865 | D:3      | Noticed Phong's ghost (amateur OpEn)
  2967 | D:3      | Killed Phong's ghost
  2967 | D:3      | Reached skill level 5 in Spellcasting
  2967 | D:3      | Reached skill level 5 in Conjurations
  2967 | D:3      | Reached skill level 5 in Fire Magic
  2967 | D:3      | Reached XP level 6. HP: 32/32 MP: 5/16
  3310 | D:3      | Reached skill level 1 in Fighting
  3651 | D:4      | Reached XP level 7. HP: 38/38 MP: 14/17
  3774 | D:4      | Found Toushry's General Store.
  3841 | D:4      | Bought a scroll of fog for 28 gold pieces
  3841 | D:4      | Bought a scroll of identify for 28 gold pieces
  3841 | D:4      | Bought a scroll of random uselessness for 14 gold pieces
  4459 | D:5      | Entered Level 5 of the Dungeon
  4716 | D:5      | Found Lymouph's Weapon Shoppe.
  4984 | D:5      | Noticed Eustachio
  4990 | D:5      | Killed Eustachio
  4990 | D:5      | Reached skill level 5 in Dodging
  5081 | D:5      | Reached XP level 8. HP: 46/46 MP: 11/18
  5605 | D:6      | Noticed Prince Ribbit
  5611 | D:6      | Killed Prince Ribbit
  5694 | D:6      | Found a shimmering altar of Xom.
  5726 | D:6      | Found a staircase to the Ecumenical Temple.
  5734 | Temple   | Entered the Ecumenical Temple
  5988 | Temple   | Became a worshipper of Vehumet
  6094 | D:6      | Reached skill level 5 in Fighting
  6810 | D:6      | Reached XP level 9. HP: 55/55 MP: 10/19
  6841 | D:6      | Reached * piety under Vehumet
  6841 | D:6      | Offered knowledge of Sandblast by Vehumet.
  7268 | D:6      | Reached skill level 6 in Spellcasting
  7424 | D:7      | Found a glowing golden altar of the Shining One.
  7537 | D:7      | Identified a +0 pair of boots of running (You found it on
                  | level 7 of the Dungeon)
  7790 | D:7      | Reached skill level 7 in Spellcasting
  8108 | D:7      | Noticed a wizard
  8119 | D:7      | Killed a wizard
  8119 | D:7      | Reached skill level 8 in Spellcasting
  8137 | D:7      | Noticed an orc sorcerer
  8214 | D:7      | Killed an orc sorcerer
  8214 | D:7      | Reached XP level 10. HP: 59/59 MP: 13/24
  8369 | D:7      | Reached ** piety under Vehumet
  8411 | D:7      | Offered knowledge of Searing Ray by Vehumet.
  8535 | D:7      | Got a transparent chain mail
  8552 | D:7      | Found the +7 Kryia's mail coat {PotionHeal*2 rC+}
  8587 | D:7      | Reached skill level 9 in Spellcasting
  8704 | D:7      | Found the -2 hat of the Alchemist {rElec rPois rF+ rC+ rN+
                  | MR+ rMut rCorr}
  8705 | D:7      | Got a smoking leather armour
  8721 | D:7      | Identified the +2 leather armour of the Known World {+Fly
                  | rElec Str-4} (You found it on level 7 of the Dungeon)
  8741 | D:7      | Noticed a wizard
  9094 | D:7      | Identified the ring of Fedhas's Vengeance {rC+ Str+3}
  9101 | D:7      | Killed a wizard
  9854 | D:8      | Offered knowledge of Static Discharge by Vehumet.
  9864 | D:8      | Found a glowing golden altar of the Shining One.
 10189 | D:8      | Reached skill level 10 in Spellcasting
 10610 | D:8      | Reached *** piety under Vehumet
 10705 | D:8      | Noticed a two-headed hydra
 10711 | D:8      | Killed a two-headed hydra
 10711 | D:8      | Reached XP level 11. HP: 63/63 MP: 2/27
 10936 | D:9      | Got an ichor-stained scale mail
 11247 | D:9      | Reached skill level 11 in Spellcasting
 11441 | D:9      | Noticed a two-headed ogre
 11446 | D:9      | Killed a two-headed ogre
 11540 | D:9      | Offered knowledge of Force Lance by Vehumet.
 11711 | D:9      | Found a staircase to the Orcish Mines.
 11893 | D:10     | Entered Level 10 of the Dungeon
 12323 | D:10     | Reached **** piety under Vehumet
 12532 | D:10     | Reached skill level 12 in Spellcasting
 12541 | D:10     | Offered knowledge of Stone Arrow by Vehumet.
 12566 | D:10     | Learned a level 3 spell: Stone Arrow
 13220 | D:11     | Found a staircase to the Lair.
 13305 | D:11     | Got a brightly glowing chain mail
 13329 | D:11     | Reached skill level 5 in Evocations
 14250 | Lair:1   | Entered Level 1 of the Lair of Beasts
 14274 | Lair:1   | Reached XP level 12. HP: 71/71 MP: 21/30
 14737 | Lair:1   | Reached ***** piety under Vehumet
 14739 | Lair:1   | Offered knowledge of Yara's Violent Unravelling by Vehumet.
 14757 | Lair:1   | Noticed Joseph
 14760 | Lair:1   | Killed Joseph
 14789 | Lair:1   | Reached skill level 13 in Spellcasting
 15301 | Lair:1   | Noticed Sonja
 15303 | Lair:1   | Killed Sonja
 15303 | Lair:1   | Reached skill level 10 in Dodging
 15975 | Lair:2   | Found a runed translucent gate.
 15984 | Lair:2   | Found a runed translucent gate.
 15985 | Lair:2   | Found a runed translucent gate.
 15997 | Lair:2   | Noticed a minotaur
 16006 | Lair:2   | Noticed Cuyts's ghost (journeyman DsGl)
 16016 | Lair:2   | Noticed a seven-headed hydra
 16278 | Lair:2   | Found a staircase to the Swamp.
 16517 | Lair:2   | Found a hole to the Spider Nest.
 16523 | Lair:2   | Reached skill level 14 in Spellcasting
 17041 | Lair:2   | Killed a minotaur
 17250 | Lair:2   | Got a pair of steaming boots
 17301 | Lair:2   | Found a staircase to the Swamp.
 17406 | Lair:2   | Found a hole to the Spider Nest.
 17412 | Lair:2   | Killed Cuyts's ghost
 17576 | Lair:2   | Killed a seven-headed hydra
 17576 | Lair:2   | Reached XP level 13. HP: 79/79 MP: 23/33
 17634 | Lair:3   | Identified the +2 pair of boots "Xukik" {Int+2} (You found
                  | it on level 2 of the Lair of Beasts)
 18535 | Lair:3   | Offered knowledge of Fulminant Prism by Vehumet.
 18713 | Lair:3   | Reached skill level 15 in Spellcasting
 19851 | Lair:4   | Found a frozen archway.
 19877 | IceCv    | Entered an ice cave
 20149 | IceCv    | Reached skill level 10 in Fighting
 20205 | IceCv    | Found an ancient bone altar of Kikubaaqudgha.
 20459 | IceCv    | Offered knowledge of Iron Shot by Vehumet.
 20490 | IceCv    | Learned a level 6 spell: Iron Shot
 20996 | Lair:4   | Reached skill level 1 in Shields
 21519 | Lair:4   | Reached skill level 10 in Fire Magic
 21521 | Lair:4   | Reached skill level 10 in Conjurations
 21521 | Lair:4   | Reached skill level 1 in Earth Magic
 21753 | Lair:4   | Reached skill level 16 in Spellcasting
 22308 | Lair:5   | Reached XP level 14. HP: 87/87 MP: 33/36
 23026 | Lair:5   | Found a viscous altar of Jiyva.
 23026 | Lair:5   | Found a staircase to the Slime Pits.
 23372 | Lair:6   | Entered Level 6 of the Lair of Beasts
 23739 | Lair:6   | Reached skill level 5 in Earth Magic
 24104 | Lair:6   | Reached skill level 17 in Spellcasting
 24634 | Lair:6   | Offered knowledge of Orb of Destruction by Vehumet.
 24985 | Lair:6   | Found a glowing golden altar of the Shining One.
 25962 | Lair:6   | Got a faintly humming cloak
 26058 | Lair:6   | Identified the +0 cloak of the Shining Light {rElec rC+++
                  | Regen+ Str-2} (You found it on level 6 of the Lair of
                  | Beasts)
 26360 | Lair:6   | Reached skill level 18 in Spellcasting
 26764 | Orc:1    | Entered Level 1 of the Orcish Mines
 26970 | Orc:2    | Entered Level 2 of the Orcish Mines
 27822 | Orc:2    | Offered knowledge of Bolt of Fire by Vehumet.
 27832 | Orc:1    | Learned a level 6 spell: Bolt of Fire
 27879 | Orc:2    | Reached XP level 15. HP: 91/91 MP: 21/39
 28172 | Orc:2    | Reached skill level 19 in Spellcasting
 28342 | Orc:2    | Found Qonaun's Weapon Emporium.
 28343 | Orc:2    | Found Sueromeu's Assorted Antiques.
 28343 | Orc:2    | Found Deloipu's Book Shoppe.
 28343 | Orc:2    | Found Sicolegih's General Store.
 28356 | Orc:2    | Found a staircase to the Elven Halls.
 28941 | Orc:2    | Bought a leatherbound book for 450 gold pieces
 28941 | Orc:2    | Bought a paperback book for 450 gold pieces
 28941 | Orc:2    | Bought a pair of runed gloves for 225 gold pieces
 28962 | Orc:2    | Bought a potion of cancellation for 240 gold pieces
 28962 | Orc:2    | Bought a scroll of fog for 60 gold pieces
 28962 | Orc:2    | Bought a scroll of teleportation for 90 gold pieces
 28963 | Orc:2    | Bought a book of Minor Magic for 200 gold pieces
 28966 | Orc:2    | Learned a level 2 spell: Blink
 29070 | D:12     | Found a gate leading to a gauntlet.
 29173 | D:12     | Reached skill level 1 in Translocations
 29194 | Gauntlet | Entered a Gauntlet
 29194 | Gauntlet | Found a transporter.
 29194 | Gauntlet | Found a transporter.
 29257 | Gauntlet | Found a transporter.
 29257 | Gauntlet | Found a transporter.
 29267 | Gauntlet | Found a transporter.
 29268 | Gauntlet | Found a transporter.
 29277 | Gauntlet | Found a transporter.
 29277 | Gauntlet | Found a transporter.
 29317 | Gauntlet | Found a transporter.
 29354 | Gauntlet | Found a transporter.
 29368 | Gauntlet | Found a transporter.
 29408 | Gauntlet | Found a transporter.
 29422 | Gauntlet | Found a transporter.
 29422 | Gauntlet | Identified the ring of Lyiga {rElec rF+++ MR- EV+4 Str+4
                  | Dex+4}
 29438 | Gauntlet | Found a transporter.
 29526 | Gauntlet | Found a transporter.
 29540 | Gauntlet | Found a transporter.
 29787 | Gauntlet | Got a brightly glowing glass ring
 29793 | Gauntlet | Identified the ring of Qerreteu {+Fly Int+5} (You found it
                  | in a Gauntlet)
 29866 | Gauntlet | Got a scintillating marble ring
 29928 | Gauntlet | Identified the ring of Qickair {+Fly rElec Str-2 Dex+9}
                  | (You found it in a Gauntlet)
 30486 | D:11     | Learned a level 6 spell: Deflect Missiles
 30678 | D:12     | Reached skill level 1 in Charms
 30681 | D:12     | Reached skill level 1 in Air Magic
 31094 | D:13     | Found a glowing golden altar of the Shining One.
 31310 | D:13     | Offered knowledge of Freezing Cloud by Vehumet.
 32004 | D:13     | Reached skill level 5 in Charms
 32199 | D:13     | Reached skill level 10 in Evocations
 33118 | D:14     | Reached skill level 20 in Spellcasting
 33434 | D:14     | Found a gate to the Vaults.
 33882 | D:14     | Found a portal to a secret trove of treasure.
 33939 | D:15     | Entered Level 15 of the Dungeon
 34076 | D:15     | Reached skill level 5 in Air Magic
 34076 | D:15     | Reached XP level 16. HP: 96/96 MP: 25/42
 34142 | D:15     | Mangled by a spriggan rider

Vault maps used:
D:1:      dpeg_arrival_ratfight, minmay_misc_feat_encased
D:2:      moated_statue, minmay_cupped, uniq_terence, uniq_natasha
D:3:      ebering_ghost_gozag, first_ration
D:4:      serial_shops, shop
D:5:      serial_shops, nicolae_shop_waterfront, kennysheep_dice,
          uniq_eustachio, uniq_edmund
D:6:      minmay_spotlight, minmay_temple_entry_statues_pillars, serial_glass,
          glass_columns_b, glass_columns_a, glass_columns_b, glass_columns_c,
          basic_altar, serial_park_tiny_2, uniq_prince_ribbit1
D:7:      minmay_the_grid_plus_closed, old_standard_altar, serial_rivers,
          chequers_serial_rivers_room_a, chequers_serial_rivers_micro_b,
          chequers_serial_rivers_large_a, chequers_serial_rivers_small_3,
          chequers_serial_rivers_marsh
D:8:      hangedman_ranch, nicolae_tso_besieged_by_evil
D:9:      orc_0_dummy
D:11:     david_lair_generic, minmay_misc_feat_plants, lemuel_old_faithful
D:12:     gauntlet_entry_generic, minmay_crystal_room, laboratory
D:13:     lemuel_oklob_altar
D:14:     grunt_vaults_entry_tiered, nicolae_trove_entry_free_sample
D:15:     hangedman_spin_cycle
Temple:   nicolae_temple_the_god_donut
Lair:1:   beast_lair_carwin_10, uniq_sonja, uniq_joseph
Lair:2:   minmay_swamp_entry_swarm, spider_nest_entry_webs,
          maelrawn_ghost_gauntlet_escape
Lair:3:   zaba_anthell
Lair:4:   portal_ice_cave_entry_pillars_1, lemuel_fruit_tree
Lair:5:   slime_altar_1, serial_bayou_shore_a, grunt_megastairs_1
Lair:6:   wormcave, hangedman_lair_caniforms_friends, basic_altar,
          grunt_megastairs_4
Orc:1:    minmay_shop_mayhem
Orc:2:    st_orc_ogre_mass, mines4_lemuel
IceCv:    ice_cave_small_necro
Gauntlet: gammafunk_gauntlet_branching

Skill      XL: |  1  2  3  4  5  6  7  8  9 10 11 12 13 14 15 |
---------------+----------------------------------------------+-----
Conjurations   | 2 3 4 5 7 9 10 | 10.0
Spellcasting   | 4 5 8 10 12 14 16 18 20 | 20.1
Fire Magic     | 4 5 7 9 10 | 10.0
Fighting       | 1 3 6 7 9 10 | 10.0
Dodging        | 3 5 7 9 11 | 11.0
Evocations     | 5 6 7 10 | 10.0
Shields        | 4 |  4.0
Earth Magic    | 3 8 |  8.0
Translocations | 1 |  1.5
Charms         | 7 |  7.3
Air Magic      | 5 |  5.0
Stealth        | |  2.4

Action                   |  1- 3 |  4- 6 |  7- 9 | 10-12 | 13-15 | 16-18 || total
-------------------------+-------+-------+-------+-------+-------+-------++-------
Melee: Halberd           |       |       |    46 |    38 |       |       ||    84
       Staff             |       |       |       |       |     1 |       ||     1
 Cast: Flame Tongue      |    69 |   101 |   214 |   266 |       |       ||   650
       Conjure Flame     |       |     3 |     5 |     8 |     1 |       ||    17
       Sticky Flame      |       |       |    23 |    36 |    24 |       ||    83
       Fireball          |       |       |     1 |    98 |   418 |       ||   517
       Stone Arrow       |       |       |       |    80 |    75 |       ||   155
       Iron Shot         |       |       |       |       |    47 |       ||    47
       Bolt of Fire      |       |       |       |       |    63 |     6 ||    69
       Deflect Missiles  |       |       |       |       |     1 |       ||     1
Evoke: Wand              |       |       |       |       |    14 |       ||    14
  Use: Scroll            |       |       |     4 |    13 |    18 |       ||    35
  Eat: Chunk             |     2 |     6 |    17 |    20 |    41 |       ||    86
       Ration            |       |       |       |     5 |     3 |       ||     8
Armor: Robe              |     2 |     5 |    12 |    51 |    17 |       ||    87
       Leather armour    |       |       |    17 |       |       |       ||    17
Dodge: Dodged            |    20 |    24 |   109 |   129 |   100 |     2 ||   384
       Deflected         |       |       |       |       |     2 |       ||     2
Block: Buckler           |       |       |       |       |    25 |       ||    25

Table legend:
 A = Non-vault XP
 B = Vault XP
 C = Vault XP percentage of total XP
 D = Non-vault monster count
 E = Vault monster count
 F = Vault count percentage of total count
                 A         B        C        D         E       F
            +---------+---------+-------+---------+---------+-------
      Total |   81486 |   72184 |  47.0 |     514 |     349 |  40.4
            +---------+---------+-------+---------+---------+-------
        D:1 |      24 |       5 |  17.2 |      15 |       5 |  25.0
        D:2 |     153 |      76 |  33.2 |      25 |       5 |  16.7
        D:3 |     223 |     240 |  51.8 |      23 |       3 |  11.5
        D:4 |     162 |       0 |   0.0 |      15 |       0 |   0.0
        D:5 |     434 |     310 |  41.7 |      12 |       5 |  29.4
        D:6 |    1344 |     406 |  23.2 |      24 |       2 |   7.7
        D:7 |    1464 |    2920 |  66.6 |      35 |      19 |  35.2
        D:8 |    1460 |    2253 |  60.7 |      22 |      17 |  43.6
        D:9 |    2303 |       0 |   0.0 |      25 |       0 |   0.0
       D:10 |    4777 |       0 |   0.0 |      37 |       0 |   0.0
       D:11 |    2287 |    1499 |  39.6 |      31 |       7 |  18.4
       D:12 |    7773 |    2701 |  25.8 |      47 |      13 |  21.7
       D:13 |   16253 |     587 |   3.5 |      41 |       1 |   2.4
       D:14 |    5108 |    8154 |  61.5 |      19 |      25 |  56.8
       D:15 |       0 |    2108 | 100.0 |       0 |       6 | 100.0
     Lair:1 |    3635 |    3864 |  51.5 |      18 |      10 |  35.7
     Lair:2 |    3043 |    5461 |  64.2 |      12 |      14 |  53.8
     Lair:3 |    3760 |    3852 |  50.6 |      11 |      42 |  79.2
     Lair:4 |    9723 |       0 |   0.0 |      29 |       0 |   0.0
     Lair:5 |    5393 |     199 |   3.6 |      22 |       1 |   4.3
     Lair:6 |    9513 |   12008 |  55.8 |      28 |      64 |  69.6
      Orc:1 |    1303 |    1251 |  49.0 |       5 |       4 |  44.4
      Orc:2 |    1351 |   14799 |  91.6 |      18 |      44 |  71.0
      IceCv |       0 |    6447 | 100.0 |       0 |      54 | 100.0
   Gauntlet |       0 |    3044 | 100.0 |       0 |       8 | 100.0
            +---------+---------+-------+---------+---------+-------
